 Dungeon Crawl Stone Soup version 0.19.1 (webtiles) character file.

85 Melicamp the Stinger (level 4, -2/36 HPs)
             Began as a Naga Venom Mage on Nov 26, 2016.
             Was a Follower of Cheibriados.
             Killed from afar by an orc wizard (8 damage)
             ... with a magic dart
             ... on level 3 of the Dungeon.
             The game lasted 00:16:37 (2514 turns).

Melicamp the Stinger (Naga Venom Mage)              Turns: 2514, Time: 00:16:40

Health: -2/36      AC:  2    Str: 12    XL:     4   Next: 48%
Magic:  4/7        EV: 10    Int: 19    God:    Cheibriados [*.....]
Gold:   134        SH:  0    Dex: 13    Spells: 1 memorised, 6 levels left

rFire  . . .     SeeInvis +     (no weapon)
rCold  . . .     Gourm    .     a - +0 robe
rNeg   . . .     Faith    .     (no shield)
rPois  +         Spirit   .     (no helmet)
rElec  .         Reflect  .     (no cloak)
rCorr  .         Harm     .     (no gloves)
MR     .....                    (no barding)
Stlth  ++........               (no amulet)
                                (no ring)
                                (no ring)

@: very slightly contaminated, very slow
A: see invisible, deformed body, poison resistance, slowness 2, slow metabolism
1, spit poison 1, AC +1
a: Spit Poison, Bend Time, Renounce Religion


You were on level 3 of the Dungeon.
You worshipped Cheibriados.
Cheibriados was aware of your devotion.
You were not hungry.

You visited 1 branch of the dungeon, and saw 3 of its levels.

You collected 134 gold pieces.

Inventory:

Hand Weapons
 m - a +0 short sword of draining
Armour
 a - a +0 robe (worn)
 l - a +0 plate armour
Scrolls
 f - a scroll of teleportation
Potions
 d - a potion of brilliance
 e - a potion of invisibility
 k - a potion of curing {unknown}
 n - a potion of haste {unknown}
Books
 b - a Young Poisoner's Handbook

   Spells                             Type                      Level
   a - Sting                          Conjuration/Poison           1
   b - Mephitic Cloud                 Conjuration/Poison/Air       3
   c - Olgreb's Toxic Radiance        Poison                       4
   d - Alistair's Intoxication        Transmutation/Poison         5
   e - Venom Bolt                     Conjuration/Poison           5
 i - a book of Misfortune

   Spells                             Type                      Level
   a - Confusing Touch                Hexes                        1
   b - Confuse                        Hexes                        3
   c - Gell's Gravitas                Hexes/Translocation          3
   d - Petrify                        Transmutation/Earth          4
   e - Metabolic Englaciation         Hexes/Ice                    5
   f - Yara's Violent Unravelling     Hexes/Transmutation          5
Comestibles
 c - 2 bread rations
 g - 3 meat rations
 h - 2 chunks of flesh
 j - 2 fruits


   Skills:
 - Level 1.5 Dodging
 - Level 3.0 Stealth
 - Level 2.0 Spellcasting
 + Level 1.0 Conjurations
 * Level 7.4 Poison Magic


You had 6 spell levels left.
You knew the following spells:

 Your Spells              Type           Power        Failure   Level  Hunger
a - Sting                 Conj/Pois      ###.         3%          1    #......


Dungeon Overview and Level Annotations

Branches:
Dungeon (3/15)

Altars:
Cheibriados
Trog
Xom

Annotations:
D:3 exclusion: player ghost, Goblin1989's ghost, amateur DsWr


Innate Abilities, Weirdness & Mutations

You cannot wear boots.
Your serpentine skin is tough. (AC +1)
You have supernaturally acute eyesight. (SInv)
Armour fits poorly on your strangely shaped body.
Your system is resistant to poisons. (rPois)
You cover ground very slowly.
You have a slow metabolism.
You can spit poison.


Message History

Aiming: Sting
Press: ? - help, Shift-Dir - straight line, f/p - orc wizard
Aim: an orc wizard, wielding a dagger and wearing a robe (almost dead, poisoned)
You miscast Sting.
You are very lightly contaminated with residual magic.
Nothing appears to happen.
Goblin1989's ghost hits you.
An orc wizard comes into view. It is wielding a dagger.
The orc wizard points at you and mumbles some strange words.
The puff of flame hits you!
The orc wizard moves out of view.
Goblin1989's ghost barely misses you.
The orc wizard mumbles some strange words.
The orc wizard blinks!
Goblin1989's ghost hits you! The orc wizard barely misses you.
The orc hits you with a dagger. The orc wizard barely misses you.
The orc wizard hits you but does no damage.
The orc hits you with a dagger. Goblin1989's ghost hits you!
* * * LOW HITPOINT WARNING * * *
The orc wizard casts a spell at you. The magic dart hits you!
You die...

#............#....#
#..........#..###..
########..###..####
#...###....####
#.#.# ####....#
#.#.# ####.## # #.
.. #..####....
##.##### #.........#
#..o@W.###......##.#
#...oo.......#...#
#...o...###..#.#....
#............>...
...
#.................
..
#......ยง.....$.....
.
#..................W
#......o...........
#..............


You could see 3 orc wizards, Goblin1989's ghost and 2 orcs.

Vanquished Creatures
  2 adders (D:2)
  A worm (D:2)
  3 dart slugs
  A leopard gecko (D:1)
  9 bats
  4 giant cockroaches
  8 goblins
  5 hobgoblins
  3 jackals (D:1)
  10 kobolds
  A frilled lizard (D:2)
  5 rats (D:2)
52 creatures vanquished.

Notes
Turn   | Place    | Note
-------+----------+-------------------------------------------
     0 | D:1      | Melicamp the Naga Venom Mage began the quest for the Orb.
     0 | D:1      | Reached XP level 1. HP: 15/15 MP: 3/3
   529 | D:1      | Reached XP level 2. HP: 18/22 MP: 0/5
   645 | D:1      | Reached skill level 6 in Poison Magic
  1097 | D:1      | Reached XP level 3. HP: 28/28 MP: 1/6
  1728 | D:2      | Found a snail-covered altar of Cheibriados.
  1800 | D:2      | Became a worshipper of Cheibriados the Contemplative
  1816 | D:2      | Reached skill level 7 in Poison Magic
  1986 | D:2      | Reached XP level 4. HP: 36/36 MP: 4/7
  2185 | D:2      | Found a bloodstained altar of Trog.
  2186 | D:2      | Found a shimmering altar of Xom.
  2283 | D:2      | Reached * piety under Cheibriados
  2283 | D:2      | Reached skill level 1 in Conjurations
  2318 | D:3      | Noticed Goblin1989's ghost (amateur DsWr)
  2514 | D:3      | Killed from afar by an orc wizard

Skill      XL: |  1  2  3  4 |
---------------+-------------+-----
Poison Magic   | 6 7 |  7.4
Conjurations   | 1 |  1.0
Dodging        | |  1.5
Stealth        | |  3.0
Spellcasting   | |  2.0

Action                   |  1- 3 |  4- 6 || total
-------------------------+-------+-------++-------
Melee: Unarmed           |    41 |     6 ||    47
 Cast: Sting             |    75 |    20 ||    95
 Abil: Spit Poison       |     3 |     1 ||     4
  Use: Scroll            |     3 |     2 ||     5
 Stab: Sleeping          |       |     1 ||     1
  Eat: Chunk             |     3 |     2 ||     5
Armor: Robe              |    13 |       ||    13
Dodge: Dodged            |    46 |     7 ||    53
